 Dungeon Crawl Stone Soup version 0.29-a0-393-g47a863cc1b (webtiles) character file.

Game seed: 6939989941763253203

88 happo123 the Ruffian (level 4, 0/66 HPs)
             Began as a Troll Berserker on May 11, 2022.
             Was a Believer of Trog.
             Slain by a dart slug (3 damage)
             ... on level 2 of the Dungeon.
             The game lasted 00:04:57 (1109 turns).

happo123 the Ruffian (Troll Berserker)              Turns: 1109, Time: 00:04:57

Health: 0/66       AC:  4    Str: 27    XL:     4   Next: 30%
Magic:  3/3        EV: 10    Int:  3    God:    Trog [**....]
Gold:   44         SH:  0    Dex:  9    Spells: 3/3 levels left

rFire   . . .      SeeInvis .     - Unarmed
rCold   . . .      Faith    .   (no shield)
rNeg    . . .      Spirit   .   a - +0 animal skin
rPois   .          Reflect  .   (helmet restricted)
rElec   .          Harm     .   (no cloak)
rCorr   .          Rampage  .   (gloves unavailable)
Will    .....                   (boots unavailable)
Stlth   ..........              (no amulet)
HPRegen 1.01/turn               (no ring)
MPRegen 0.08/turn               (no ring)

@: berserking, very quick
A: large, unfitting armour, claws 3, regeneration 1, shaggy fur 1, tough skin 1
a: Renounce Religion, Berserk, Trog's Hand


You were on level 2 of the Dungeon.
You worshipped Trog.
Trog was pleased with you.
You visited 1 branch of the dungeon, and saw 2 of its levels.

You collected 44 gold pieces.

Inventory:

Armour
 a - a +0 animal skin (worn)
Scrolls
 b - 5 scrolls of identify {unknown}
 c - a scroll of magic mapping {unknown}
 d - 2 scrolls of immolation {unknown}
 e - 2 scrolls of teleportation {unknown}
 f - a scroll of fear {unknown}
 g - a scroll of amnesia {unknown}
 h - a scroll of summoning {unknown}
 i - a scroll of torment {unknown}


   Skills:
 + Level 2.9 Fighting
 + Level 3.0 Dodging
 + Level 0.2 Stealth
 + Level 4.1 Unarmed Combat


You had 3 spell levels left.
You didn't know any spells.
Your spell library was empty.

Dungeon Overview and Level Annotations

Branches:
Dungeon (2/15)

Altars:
Okawaru


Innate Abilities, Weirdness & Mutations

You are too large for most types of armour.
You have claws for hands.
Your natural rate of healing is unusually fast.
You are covered in fur. (AC +1)
You have tough skin. (AC +1)


Message History

You claw the goblin!
You kill the goblin!
Trog accepts your kill. The gnoll completely misses you.
The hobgoblin barely misses you.
You claw the gnoll!
You kill the gnoll!
Trog accepts your kill. The hobgoblin closely misses you.
The gnoll hits you from afar with a +0 spear.
You have reached level 4!
A red film seems to cover your vision as you go berserk!
You feel yourself moving faster!
You feel mighty!
The gnoll hits you from afar with a +0 spear.
The gnoll hits you with a +0 club.
* * * LOW HITPOINT WARNING * * *
The hobgoblin barely misses you.
You barely miss the gnoll.
The gnoll hits you from afar with a +0 spear.
* * * LOW HITPOINT WARNING * * *
The hobgoblin hits you.
* * * LOW HITPOINT WARNING * * *
The gnoll hits you but does no damage.
You mangle the gnoll!!
You kill the gnoll!
Trog accepts your kill.
Your Dodging skill increases to level 3!
Your Unarmed Combat skill increases to level 4!
The hobgoblin hits you but does no damage.
The gnoll hits you with a +0 spear.
* * * LOW HITPOINT WARNING * * *
Items here: )))) †††.
You barely miss the gnoll. The dart slug closely misses you.
The gnoll closely misses you. The hobgoblin misses you.
You claw the gnoll!
You kill the gnoll!
Trog accepts your kill. The gnoll hits you with a +0 club!
* * * LOW HITPOINT WARNING * * *
The dart slug bites you.
You die...

...# #.....).... #.....
##....####....####
#.#### #.##.# #.>...#
#.##.###.#.#.#
#.##.......#.#
...#.###.###.# #
.#...###.....#
#####.### #
#..........###.)...!..
#...#####....g@g###.###
... #..(.#w.#r..#(. #
#.#.###.#!..#.. #..##
..###.... #..#
.......## #....
#?.#.w#..[ ......
#..#?.#../ ##....
#..####.## ##


You could see a gnoll, 2 dart slugs, a hobgoblin and a rat.

Vanquished Creatures
  2 adders (D:2)
  4 gnolls (D:2)
  3 worms (D:2)
  A dart slug (D:1)
  An endoplasm (D:1)
  2 goblins (D:2)
  2 hobgoblins (D:2)
  4 jackals (D:1)
  2 ball pythons (D:2)
  A bat (D:1)
  A frilled lizard (D:1)
  4 kobolds
27 creatures vanquished.

Notes
Turn   | Place    | Note
-------+----------+-------------------------------------------
     0 | D:1      | happo123 the Troll Berserker began the quest for the Orb.
     0 | D:1      | Reached XP level 1. HP: 22/22 MP: 0/0
   279 | D:1      | Reached XP level 2. HP: 29/29 MP: 1/1
   819 | D:2      | Found an iron altar of Okawaru.
   972 | D:2      | Reached XP level 3. HP: 36/36 MP: 2/2
  1099 | D:2      | Reached ** piety under Trog
  1103 | D:2      | Reached XP level 4. HP: 15/44 MP: 3/3
  1106 | D:2      | Reached skill level 4 in Unarmed Combat
  1109 | D:2      | HP: 3/66 [gnoll/+0 club (7)]
  1109 | D:2      | Slain by a dart slug

Illustrated notes

Levels and vault maps discovered:
D:1:      zaba_arrival_water, layout_basic
D:2:      layout_loops_ring, basic_ecumenical_altar, basic_altar,
          minmay_octomino_c4

Skill      XL: |  1  2  3  4 |
---------------+-------------+-----
Dodging        | 3 |  3.0
Unarmed Combat | 4 |  4.1
Fighting       | |  2.9
Stealth        | |  0.2

Action                   |  1- 3 |  4- 6 || total
-------------------------+-------+-------++-------
Melee: Unarmed           |    66 |     4 ||    70
Invok: Berserk           |       |     1 ||     1
Armor: Animal skin       |    16 |     2 ||    18
Dodge: Dodged            |    30 |     4 ||    34

Table legend: (Time is in decaauts)
 A = Elapsed time spent in this place.
 B = Non-inter-level travel time spent in this place.
 C = Inter-level travel time spent in this place.
 D = Time resting spent in this place.
 E = Time spent auto-exploring this place.
 F = Levels seen in this place.
 G = Mean time per level.
                   A        B        C        D        E       F      G
               +--------+--------+--------+--------+--------+-----+--------+
         Total |   1109 |    878 |    231 |      0 |    701 |   2 |  554.5 |
       Dungeon |   1109 |    878 |    231 |      0 |    701 |   2 |  554.5 |
               +--------+--------+--------+--------+--------+-----+--------+

Top non-repeatable levels by time:
     D:1: 824 daAuts
     D:2: 284 daAuts
